[Event "*** Titled Tuesday Blitz"]
[Site "Chess.com"]
[Date "2021.03.02"]
[Round "1"]
[White "Ekose"]
[Black "masrahi"]
[Result "1/2-1/2"]
[WhiteElo "2535"]
[BlackElo "2234"]
[TimeControl "180+1"]
[EndTime "10:07:26 PST"]
[Termination "Game drawn by repetition"]

1. d4 d5 2. Nf3 Nf6 3. c4 c6 4. e3 Bf5 5. Bd3 Bxd3 6. Qxd3 e6 7. a3 Be7 8. Nc3 O-O 9. O-O c5 10. dxc5 Bxc5 11. cxd5 Nxd5 12. Nxd5 Qxd5 13. Qxd5 exd5 14. Rd1 Rd8 15. b4 Be7 16. Bb2 Nc6 17. Rd3 Rd7 18. Rad1 Rad8 19. Kf1 Kf8 20. Ke2 a6 21. Ne5 Nxe5 22. Bxe5 Ke8 23. Bxg7 f6 24. Bh6 Kf7 25. Bf4 Ke6 26. g4 Rc8 27. Bg3 Rc2+ 28. R1d2 Rxd2+ 29. Kxd2 Bd6 30. Bxd6 Rxd6 31. f4 Rc6 32.
Rc3 Rc4 33. Kd3 b5 34. h4 h5 35. gxh5 Kf7 36. Rxc4 dxc4+ 37. Kd4 f5 38. e4 fxe4 39. Kxe4 Kg7 40. f5 Kh6 41. f6 Kh7 42. Kd4 Kh6 43. Kc3 Kh7 44. Kd4 Kh6 45. Kc3 Kh7 46. a4 Kh6 47.
axb5 axb5 48. Kd4 Kh7 49. Kc3 Kh6 50. Kd4 Kh7 51. Kc3 Kh6 1/2-1/2

[Event "*** Titled Tuesday Blitz"]
[Site "Chess.com"]
[Date "2021.03.02"]
[Round "1"]
[White "ApacheSVD"]
[Black "liczner"]
[Result "0-1"]
[WhiteElo "2407"]
[BlackElo "2776"]
[TimeControl "180+1"]
[EndTime "10:07:27 PST"]
[Termination "liczner won on time"]

1. e4 c6 2. d4 d5 3. f3 e6 4.
Nc3 Bb4 5. Qd3 b6 6. Ne2 Ba6 7. Qe3 Ne7 8. Bd2 O-O 9. O-O-O c5 10. exd5 exd5 11. a3 Bxe2 12. Bxe2 Nf5 13. Qf4 Bxc3 14.
Bxc3 Nxd4 15. Bxd4 cxd4 16. Qxd4 Nc6 17. Qxd5 Qf6 18. Bd3 g6 19. Kb1 Rfd8 20. Qe4 Rd4 21. Qe3 Rad8 22. Rhe1 Qh4 23. g3 Qxh2 24. f4 Qh5 25.
Rh1 Qd5 26. Rde1 Na5 27. f5 Nc4 28. Qh6 Ne5 29. Qxh7+ Kf8 30. f6 Ke8 0-1

[Event "*** Titled Tuesday Blitz"]
[Site "Chess.com"]
[Date "2021.03.02"]
[Round "1"]
[White "SanQui14"]
[Black "vinniethepooh"]
[Result "0-1"]
[WhiteElo "2379"]
[BlackElo "2709"]
[TimeControl "180+1"]
[EndTime "10:07:27 PST"]
[Termination "vinniethepooh won by resignation"]

1. d4 Nf6 2. c4 e6 3. Nc3 Bb4 4. Qc2 d6 5. a3 Bxc3+ 6. Qxc3 O-O 7. Nf3 Re8 8. b4 Nbd7 9. Bb2 b6 10. e3 Bb7 11. Be2 a5 12. O-O Qe7 13. Rfe1 h6 14.
Nd2 e5 15. f3 exd4 16. exd4 axb4 17. axb4 Rxa1 18. Bxa1 d5 19. c5 Ba6 20. Ne4 Nxe4 21. fxe4 Qxe4 22. Kf2 Bxe2 23. Qd2 Qf5+ 24. Kg1 Qh5 25.
Kf2 Nf6 26. Rxe2 Ne4+ 27. Rxe4 Rxe4 28. cxb6 Qh4+ 29. Kf3 cxb6 30. Bc3 Qg4+ 31. Kf2 Qf4+ 32. Qxf4 Rxf4+ 33. Ke3 Re4+ 34. Kf3 b5 35. h3 f5 36. Kf2 Kf7 37. Kf3 Kg6 38. Kf2 Kh5 39. Kf3 g5 40. Bb2 g4+ 41. hxg4+ fxg4+ 42. Kf2 Kg5 43. Bc3 h5 44. Bd2+ Kf5 45. Bc3 h4 46. Bb2 Re6 47. Bc3 Ke4 0-1

[Event "*** Titled Tuesday Blitz"]
[Site "Chess.com"]
[Date "2021.03.02"]
[Round "1"]
[White "Faqade"]
[Black "TeukkaSalama"]
[Result "1-0"]
[WhiteElo "2697"]
[BlackElo "2367"]
[TimeControl "180+1"]
[EndTime "10:07:27 PST"]
[Termination "Faqade won on time"]

1. e4 e6 2. d4 d5 3. Nd2 c5 4. Ngf3 cxd4 5. Nxd4 Nc6 6. Bb5 Bd7 7. Nxc6 bxc6 8.
Bd3 e5 9. exd5 cxd5 10. c4 Nf6 11. cxd5 Nxd5 12. Qe2 f6 13. Be4 Nf4 14. Qa6 Rb8 15.
Qxa7 Bb5 16. g3 Ne6 17. a4 Bc5 18. axb5 Bxa7 19. Bc6+ Kf7 20. Rxa7+ Kg6 21. Nf3 Nd4 22. Be4+ f5 23. Nxe5+ Kf6 24. Bg5+ Kxe5 25. Bxd8 Rhxd8 26. Bd3 Nf3+ 27. Ke2 Nd4+ 28. Ke3 g5 29. f4+ gxf4+ 30. gxf4+ Kf6 31. Ra6+ Kf7 32. b6 Nc6 33. Bc4+ Kf8 34. Rg1 Re8+ 35. Kf2 Nd4 36. Ra7 Ne6 37. b7 1-0

[Event "*** Titled Tuesday Blitz"]
[Site "Chess.com"]
[Date "2021.03.02"]
[Round "1"]
[White "Benjoneliere44"]
[Black "Manukyan_Artak"]
[Result "0-1"]
[WhiteElo "2602"]
[BlackElo "2330"]
[TimeControl "180+1"]
[EndTime "10:07:28 PST"]
[Termination "Manukyan_Artak won by resignation"]

1. e4 c6 2. c4 d5 3. exd5 cxd5 4. cxd5 Nf6 5. Nc3 Nxd5 6. Nf3 Nxc3 7. bxc3 e6 8. d4 Be7 9. Bd3 O-O 10. Qe2 Nd7 11. h4 h6 12. Rh3 Nf6 13. Rg3 Nh5 14. Rg4 e5 15. Nxe5 Bxg4 16. Qxg4 Qa5 17. Qxh5 Qxc3+ 18. Ke2 Qxa1 19. Qf5 Qxa2+ 20. Bd2 g6 21. Nxg6 Qe6+ 22.
Qxe6 fxe6 23. Nxe7+ Kf7 24. Ng6 Rfd8 25. Ne5+ Kg7 26. Ke3 a5 27. Bc3 a4 28. Bc4 Rdc8 29.
Kd3 a3 30. g4 a2 31. Ba1 b5 32. Bxe6 Rc1 33. Bxa2 Rxa2 34. Bc3 Ra3 35. f4 Rcxc3+ 36. Ke4 Rg3 37. g5 hxg5 38. hxg5 b4 39. Nc4 Ra8 40. d5 b3 41. d6 Rb8 42. Ke5 b2 43. Nxb2 Rxb2 44. d7 Rd2 45. Ke6 Re3+ 46. Kf5 Rxd7 47. Kg4 Rd4 48. Kh5 Rxf4 49. g6 Rf6 50. Kh4 Re5 51.
Kg4 Ref5 52. Kh3 Rg5 0-1

[Event "*** Titled Tuesday Blitz"]
[Site "Chess.com"]
[Date "2021.03.02"]
[Round "1"]
[White "Grammnik"]
[Black "Schachspielerr"]
[Result "1/2-1/2"]
[WhiteElo "2377"]
[BlackElo "2674"]
[TimeControl "180+1"]
[EndTime "10:07:29 PST"]
[Termination "Game drawn by repetition"]

1. d4 Nf6 2. Nf3 e6 3. c4 c5 4. d5 exd5 5. cxd5 d6 6. Nc3 g6 7. e4 Bg7 8. Be2 O-O 9. O-O Na6 10. Nd2 Nc7 11. Re1 Rb8 12. a4 a6 13. Nc4 b5 14.
axb5 Nxb5 15. Bd3 Bg4 16. f3 Bd7 17. Bg5 Nxc3 18. bxc3 Bb5 19. Na5 Bxd3 20. Qxd3 Rb5 21. Nc4 h6 22. Bh4 Rb3 23. Rxa6 Qb8 24. Na5 Rb2 25. Nc4 Rb3 26. Rc1 Nh5 27. Bg3 Nxg3 28. hxg3 Qb5 29. Rb6 Qa4 30. Rxb3 Qxb3 31. Nxd6 Ra8 32.
Qb5 Qa3 33. Rc2 Qa1+ 34. Kh2 Qd1 35. Qb7 Qxc2 36. Qxa8+ Kh7 37. Qb7 Qxc3 38. Qxf7 Qe5 39. Ne8 c4 40. d6 Qh5+ 41. Kg1 Qc5+ 42. Kh2 Qh5+ 43. Kg1 Qc5+ 44. Kh2 Qh5+ 1/2-1/2

[Event "*** Titled Tuesday Blitz"]
[Site "Chess.com"]
[Date "2021.03.02"]
[Round "1"]
[White "elextranjero00"]
[Black "stepakyedael"]
[Result "1-0"]
[WhiteElo "2643"]
[BlackElo "2333"]
[TimeControl "180+1"]
[EndTime "10:07:29 PST"]
[Termination "elextranjero00 won on time"]

1. d4 Nf6 2. c4 g6 3. Nc3 Bg7 4. e4 d6 5. Be2 O-O 6. Be3 Na6 7. Nf3 h6 8. O-O e5 9. d5 Ne8 10. Ne1 f5 11. f3 f4 12. Bf2 g5 13. Nd3 h5 14. c5 Nf6 15. cxd6 cxd6 16. Rc1 Qe8 17.
a4 Qg6 18. Kh1 g4 19. Bh4 Rf7 20. Nb5 Nh7 21. g3 fxg3 22. hxg3 Bh6 23. Rc3 Bd7 24. Nf2 gxf3 25. Rxf3 Raf8 26. Rxf7 Qxf7 27. Nxd6 Qg6 28. Nf5 Rxf5 29. exf5 Bxf5 30. d6 Nb8 31. Bxh5 Qe6 32.
Bg4 Bg5 33. Bxf5 Qxf5 34. Qg4 Qxg4 35. Nxg4 Bxh4 36. gxh4 Nd7 37. Rc1 Kf7 38. Rc7 Ke6 39. Rxb7 e4 40. Rxa7 Kxd6 41. Kg2 1-0

[Event "*** Titled Tuesday Blitz"]
[Site "Chess.com"]
[Date "2021.03.02"]
[Round "1"]
[White "GianmarcoVaR"]
[Black "Chesspirate_Channel"]
[Result "1-0"]
[WhiteElo "2616"]
[BlackElo "2310"]
[TimeControl "180+1"]
[EndTime "10:07:29 PST"]
[Termination "GianmarcoVaR won by resignation"]

1. e4 e5 2. Nf3 d5 3. d4 dxe4 4. Nxe5 Bd6 5. Nc3 Bxe5 6. dxe5 Qxd1+ 7. Nxd1 Nc6 8. Nc3 Bf5 9. Bb5 Ne7 10. Bg5 a6 11.
Bxc6+ Nxc6 12. Nd5 O-O 13. Nxc7 Rac8 14. Nd5 Be6 15. O-O-O Bxd5 16. Rxd5 Nb4 17. Rd2 Rfe8 18. a3 Nc6 19. Re1 Nxe5 20. Kb1 f5 21. Rd5 h6 22. Bf4 Ng6 23. g3 Nxf4 24. gxf4 Rf8 25. Red1 Rf7 26. h4 g6 27. Rd6 Rc6 28. Rxc6 bxc6 29. Rd6 g5 30. hxg5 hxg5 31. fxg5 f4 32. Kc1 Rf5 33. Kd2 Rxg5 34. Rf6 Rd5+ 35. Ke2 f3+ 36. Ke3 Rc5 37.
c3 a5 38. Kxe4 Rb5 39. b4 axb4 40. axb4 c5 41. Rf5 1-0

[Event "*** Titled Tuesday Blitz"]
[Site "Chess.com"]
[Date "2021.03.02"]
[Round "1"]
[White "MarcoRiehle"]
[Black "CM_rui"]
[Result "1-0"]
[WhiteElo "2692"]
[BlackElo "2363"]
[TimeControl "180+1"]
[EndTime "10:07:30 PST"]
[Termination "MarcoRiehle won by resignation"]

1. e4 e5 2. Nf3 Nc6 3. Bc4 Bc5 4.
O-O Nf6 5. d4 Bxd4 6. Nxd4 Nxd4 7.
Bg5 d6 8. f4 Be6 9. Na3 h6 10.
fxe5 dxe5 11. Bxf6 gxf6 12. c3 Nc6 13. Bxe6 fxe6 14.
Qh5+ Ke7 15. Qg6 Qf8 16. Nb5 Rc8 17. Rad1 a6 18. Na3 Rg8 19. Qh5 Rg5 20. Qh4 Qg7 21.
g3 Rg4 22. Qh5 Rxe4 23. Qf3 f5 24. Qh5 Rg8 25. Nc2 Rg4 26. Qh3 f4 27. Kf2 fxg3+ 28. hxg3 Rxg3 29. Qh4+ Rg5 30. Ne3 Ke8 31. Ke1 e4 32. Qh3 Ke7 33. Qh4 Qe5 34. Qxh6 Qg3+ 35. Ke2 R5g6 36. Qh7+ R8g7 37. Qh8 Rf7 38. Rxf7+ Kxf7 39. Rf1+ Ke7 40. Qf8+ Kd7 41. Rd1+ Nd4+ 42. Rxd4+ Kc6 43.
Rc4+ Kd7 44. Rxe4 Qh3 45. Rc4 Qh2+ 46. Kd3 Qe5 47. Rd4+ Kc6 48. Qe8+ Kb6 49. Nc4+ Ka7 50. Nxe5 Rg3+ 1-0

[Event "*** Titled Tuesday Blitz"]
[Site "Chess.com"]
[Date "2021.03.02"]
[Round "1"]
[White "chessprincesa1"]
[Black "Aradhya2000"]
[Result "1-0"]
[WhiteElo "2242"]
[BlackElo "2525"]
[TimeControl "180+1"]
[EndTime "10:07:30 PST"]
[Termination "chessprincesa1 won by resignation"]

1. d4 d5 2. c4 c6 3. Nc3 Nf6 4. Nf3 dxc4 5. a4 Bf5 6. e3 e6 7.
Bxc4 Bb4 8. O-O O-O 9. Bd3 Qe7 10. Bxf5 exf5 11. Ne2 Nbd7 12. Bd2 a5 13. Bxb4 Qxb4 14. Qc2 g6 15. Nf4 Rfe8 16. Rac1 Qd6 17. Rfd1 Re7 18. Nd3 Nd5 19. Qb3 N7f6 20. Nfe5 Kg7 21. Nc5 Qc7 22. Qc2 Rae8 23. Ncd3 Ne4 24. Qc4 f6 25. Nf3 f4 26. exf4 Nxf4 27. Nxf4 Qxf4 28. d5 cxd5 29.
Qxd5 g5 30. h3 h5 31. Qd4 g4 32. hxg4 hxg4 33. Nh4 Qg5 34. g3 Qe5 35. Qxe5 Rxe5 36.
Rc7+ Kg8 37. Rdd7 Nc5 38. Rg7+ 1-0

[Event "*** Titled Tuesday Blitz"]
[Site "Chess.com"]
[Date "2021.03.02"]
[Round "1"]
[White "shnitez"]
[Black "Soltan49"]
[Result "1/2-1/2"]
[WhiteElo "2526"]
[BlackElo "2224"]
[TimeControl "180+1"]
[EndTime "10:07:30 PST"]
[Termination "Game drawn by repetition"]

1. e4 c5 2. Nf3 Nc6 3. Bb5 e6 4. O-O Nge7 5. Re1 a6 6. Bf1 d5 7. d3 Ng6 8. h4 h5 9. exd5 Qxd5 10. Nc3 Qd8 11. g3 b5 12. Bg2 Bb7 13. Ne4 Be7 14.
Bd2 b4 15. a3 a5 16. Be3 Nd4 17. Bxd4 cxd4 18. Nfg5 Qb6 19. axb4 axb4 20. Rxa8+ Bxa8 21. Nd6+ Qxd6 22. Bxa8 Bxg5 23. hxg5 h4 24. Qf3 hxg3 25.
fxg3 Rh3 26. Qc6+ Ke7 27. Qxd6+ Kxd6 28. Kg2 Rh8 29. Be4 b3 30. Bxg6 fxg6 31. cxb3 Rb8 32. Kf3 Rxb3 33. Ke4 Rxb2 34. Ra1 Rb5 35. Ra6+ Kd7 36.
Ra7+ Kd6 37. Ra6+ Kd7 38. Ra7+ Kd6 39. Ra6+ 1/2-1/2

[Event "*** Titled Tuesday Blitz"]
[Site "Chess.com"]
[Date "2021.03.02"]
[Round "1"]
[White "chessablanca"]
[Black "GCamachoMartinez"]
[Result "1-0"]
[WhiteElo "2588"]
[BlackElo "2276"]
[TimeControl "180+1"]
[EndTime "10:07:31 PST"]
[Termination "chessablanca won by resignation"]

1. Nf3 Nf6 2. g3 g6 3. Bg2 Bg7 4. O-O O-O 5. d4 c6 6. c3 d5 7. Bf4 Bf5 8. Nbd2 Ne4 9. h3 Nxd2 10. Qxd2 Be4 11. Rfe1 Nd7 12. h4 e6 13. Nh2 Bxg2 14.
Kxg2 e5 15. dxe5 Nxe5 16. Rad1 Nc4 17. Qc2 Qb6 18. b3 Ne5 19. e4 dxe4 20. Rxe4 Rfe8 21.
Rde1 f6 22. Be3 Qc7 23. f4 Nf7 24. Bd4 Rxe4 25. Qxe4 c5 26. Bf2 Rd8 27. Nf3 b6 28. c4 Qd6 29. h5 f5 30. Qb7 Rd7 31. Qa8+ Bf8 32. hxg6 hxg6 33. Re2 Kg7 34. Ne5 Nxe5 35. fxe5 Qe6 36. Qf3 Kg8 37. Qf4 Bg7 38. Be1 Re7 39. Bc3 Qc6+ 40. Kh3 Qh1+ 41. Rh2 Qd1 42. Qg5 Kf7 43.
Rd2 Qh1+ 44. Rh2 Qf1+ 45. Kh4 Re8 46. e6+ Rxe6 47. Bxg7 Kxg7 48. Qf4 Re7 49. Qxf1 1-0

[Event "*** Titled Tuesday Blitz"]
[Site "Chess.com"]
[Date "2021.03.02"]
[Round "1"]
[White "GigaQuparadze"]
[Black "mbachez"]
[Result "1-0"]
[WhiteElo "2974"]
[BlackElo "2469"]
[TimeControl "180+1"]
[EndTime "10:07:32 PST"]
[Termination "GigaQuparadze won by resignation"]

1. e4 e6 2. d4 d5 3. Nd2 h6 4.
Ngf3 Nf6 5. Bd3 c5 6. e5 Nfd7 7. c3 Nc6 8. O-O g5 9. h3 h5 10. dxc5 g4 11. Nh2 Ndxe5 12. Bb5 Bxc5 13. Nb3 Bb6 14. Bf4 Ng6 15. Be3 Bxe3 16. fxe3 Qg5 17. Nd4 gxh3 18. Qf3 Ne5 19. Qxh3 Bd7 20. Rae1 O-O-O 21.
Nhf3 Qg7 22. Bxc6 Nxc6 23. Nb5 e5 24. Qh2 f6 25. Nh4 Be6 26. Nf5 Bxf5 27. Rxf5 a6 28. Na3 Rdg8 29. Ref1 Rh6 30. Qh3 Kb8 31. R1f2 e4 32.
Rxh5 Rg6 33. Rh7 Qf8 34. Qd7 R8g7 35. Rxg7 Rxg7 36. Qxd5 Qh8 37. Qd6+ Ka8 38. Qxf6 Ka7 39. Nc2 Ne5 40. Nd4 Ng4 41. Nc6+ bxc6 42. Qd4+ Kb7 43. Rf7+ Rxf7 44. Qxh8 Rd7 45. Kf1 Rd2 46. Qg7+ 1-0

[Event "*** Titled Tuesday Blitz"]
[Site "Chess.com"]
[Date "2021.03.02"]
[Round "1"]
[White "Nozdrachev_Leonid"]
[Black "Agoking701"]
[Result "1-0"]
[WhiteElo "2542"]
[BlackElo "2224"]
[TimeControl "180+1"]
[EndTime "10:07:32 PST"]
[Termination "Nozdrachev_Leonid won on time"]

1. e4 c5 2. c3 d5 3. exd5 Qxd5 4. d4 Nc6 5. Nf3 Nf6 6. Be3 cxd4 7. cxd4 Bg4 8. Be2 e6 9. h3 Bh5 10. O-O Be7 11.
Nc3 Qd6 12. Qb3 O-O 13. Rfd1 Rfd8 14. Rac1 Rac8 15. Qxb7 Rb8 16. Qa6 Rb6 17. Qa4 Rb4 18. Qa3 Qb8 19. Qa6 Rb6 20. Qc4 Nb4 21. a3 Rc8 22.
Qxc8+ Qxc8 23. Nd5 Qd8 24. Nxb6 axb6 25. axb4 h6 26.
Ba6 Kh7 27. g4 Bg6 28. Ne5 Bxb4 29. h4 h5 30. Nxg6 fxg6 31. g5 Ng4 32. Rc8 Qd6 33.
Bc4 Qh2+ 34. Kf1 Nxe3+ 35. fxe3 Qh1+ 36. Ke2 Qg2+ 37. Kd3 Qxb2 38. Bxe6 Qa3+ 39. Ke4 Bf8 40. Rf1 Qe7 41. Rfxf8 Qxe6+ 42. Kf4 Qd6+ 43. Kf3 Qd5+ 44. Kf2 Qa2+ 45. Kg3 1-0

[Event "*** Titled Tuesday Blitz"]
[Site "Chess.com"]
[Date "2021.03.02"]
[Round "1"]
[White "ChessQueen"]
[Black "schondeln"]
[Result "1-0"]
[WhiteElo "2739"]
[BlackElo "2397"]
[TimeControl "180+1"]
[EndTime "10:07:33 PST"]
[Termination "ChessQueen won on time"]

1. e4 d5 2. exd5 Qxd5 3. Nc3 Qa5 4. d4 Nf6 5. Nf3 Bf5 6. Bc4 c6 7. O-O e6 8. Ne5 Nbd7 9. Bd2 Bb4 10. a3 Bxc3 11.
Bxc3 Qc7 12. Qe2 O-O 13. f3 b5 14. Bb3 a5 15. Rac1 a4 16. Ba2 Nxe5 17. Qxe5 Qxe5 18. dxe5 Nd5 19. Bd4 Rfd8 20. Rfd1 Rac8 21. Bc5 f6 22. exf6 gxf6 23. c4 bxc4 24. Bxc4 Rb8 25. Rd2 Kf7 26. Rcd1 Rb7 27. Kf2 Rdb8 28. Bd6 Rd8 29. Bg3 e5 30. Re1 h5 31. Ba2 Be6 32. Bb1 Rbd7 33. Bc2 Nb6 34.
Rxd7+ Rxd7 35. Rd1 Rxd1 36. Bxd1 Bb3 37. Bxb3+ axb3 38. Ke2 Nc4 39. Kd3 Nxb2+ 40. Kc3 Nd1+ 41. Kxb3 Ke6 42.
Be1 Ne3 43. g3 Kd5 44. a4 Nc4 45. Kb4 c5+ 46. Kb5 Na3+ 47. Kb6 c4 48. a5 1-0

[Event "*** Titled Tuesday Blitz"]
[Site "Chess.com"]
[Date "2021.03.02"]
[Round "1"]
[White "manitodeplomo"]
[Black "LuisFSiles"]
[Result "1-0"]
[WhiteElo "2610"]
[BlackElo "2304"]
[TimeControl "180+1"]
[EndTime "10:07:33 PST"]
[Termination "manitodeplomo won on time"]

1. Nc3 e5 2. d4 exd4 3. Qxd4 Nc6 4. Qa4 Bc5 5. Nf3 Nge7 6. Bg5 d6 7. O-O-O Bd7 8.
Qh4 f6 9. Bd2 Ng6 10. Qh5 Be6 11. e4 Qd7 12. h3 O-O-O 13. Bb5 a6 14. Ba4 Bf7 15. Bb3 Bxb3 16. axb3 Bxf2 17. Rhf1 Bc5 18. Nd5 Nce5 19. Bc3 c6 20. Nxe5 fxe5 21. Nb4 Nf4 22.
Qf3 Qc7 23. g3 Ng6 24. Nd3 Bd4 25. h4 Bxc3 26. bxc3 Rhf8 27. Qg4+ Qd7 28. Qg5 Qh3 29.
Rxf8 Rxf8 30. h5 Nh8 31. Qxg7 Rd8 32. Qxh7 Qxg3 33. Qf5+ Kc7 34. Rh1 Qe3+ 35. Kb2 c5 36. Rh3 Qg1 37. h6 c4 38. bxc4 Qb6+ 39. Kc1 Qg1+ 40.
Kd2 Rg8 41. Rf3 Rg2+ 42. Rf2 Rg8 43. h7 Rg2 44. Ke2 1-0

[Event "*** Titled Tuesday Blitz"]
[Site "Chess.com"]
[Date "2021.03.02"]
[Round "1"]
[White "m_ezat"]
[Black "DFeco"]
[Result "0-1"]
[WhiteElo "2544"]
[BlackElo "2268"]
[TimeControl "180+1"]
[EndTime "10:07:33 PST"]
[Termination "DFeco won by resignation"]

1. d4 d5 2. c4 c6 3. Nc3 Nf6 4. cxd5 cxd5 5. Bf4 Nc6 6. e3 a6 7. Bd3 Bg4 8. Nge2 e6 9. O-O Bd6 10. Bxd6 Qxd6 11. h3 Bh5 12. Qb3 O-O 13. Nf4 Bg6 14. Rac1 Bxd3 15. Nxd3 Na5 16. Qa4 Nc4 17. b3 b5 18. Qb4 Qxb4 19. Nxb4 Nd2 20. Rfd1 Nde4 21. Ne2 a5 22. Nc6 Rfe8 23. Nf4 Kf8 24. Nd3 Rec8 25. Nde5 b4 26. f3 Nc3 27. Rd2 Ke8 28. a4 Ng8 29. Nxa5 Ne2+ 30. Rxe2 Rxc1+ 31. Kf2 Rxa5 32. Nd3 Rc3 33.
Nc5 Ne7 34. Rb2 Ra7 35. Ke2 Nc6 36. Nd3 Na5 37. Nc5 Rc7 38. Kd2 R7xc5 39. dxc5 Rxc5 40.
Rb1 Rc3 41. Ke2 Nxb3 42. Rc1 Nxc1+ 43. Kd2 Rc4 0-1

[Event "*** Titled Tuesday Blitz"]
[Site "Chess.com"]
[Date "2021.03.02"]
[Round "1"]
[White "Rozum_Ivan"]
[Black "zacachess"]
[Result "0-1"]
[WhiteElo "2741"]
[BlackElo "2420"]
[TimeControl "180+1"]
[EndTime "10:07:34 PST"]
[Termination "zacachess won on time"]

1. g3 e5 2. Bg2 d5 3. d3 Nf6 4. Nf3 Nc6 5. c4 d4 6. O-O Be7 7. b4 Nxb4 8. Nxe5 O-O 9. Nd2 Na6 10. Nb3 Rb8 11. Nf3 c5 12. e3 dxe3 13. Bxe3 b6 14. d4 cxd4 15. Nfxd4 Bb7 16. Nc6 Bxc6 17. Bxc6 Nb4 18.
Bg2 Qxd1 19. Raxd1 Rfd8 20. a3 Nc2 21. Bf4 Rxd1 22.
Rxd1 Rd8 23. Rxd8+ Bxd8 24. a4 Kf8 25. Kf1 Ke7 26.
Ke2 Nd7 27. Kd2 Nb4 28. Nd4 Nc5 29. Nf5+ Kf6 30. Nd6 Nxa4 31. h4 h6 32. h5 Nc5 33.
Ne8+ Ke7 34. Nxg7 a5 35. Bxh6 a4 36. Nf5+ Kf6 37. Nd4 a3 38. Nc2 a2 39. Na1 Bc7 0-1

[Event "*** Titled Tuesday Blitz"]
[Site "Chess.com"]
[Date "2021.03.02"]
[Round "1"]
[White "stasiek18"]
[Black "anon102030"]
[Result "1-0"]
[WhiteElo "2404"]
[BlackElo "2700"]
[TimeControl "180+1"]
[EndTime "10:07:34 PST"]
[Termination "stasiek18 won on time"]

1. d4 Nf6 2. Bg5 Ne4 3. h4 d5 4.
Nd2 Nxd2 5. Qxd2 Nc6 6. e3 f6 7.
Bf4 e5 8. Bg3 a6 9. dxe5 fxe5 10.
O-O-O Be6 11. Nf3 Bd6 12. Ng5 Bg8 13. Be2 Qf6 14. Bg4 Rd8 15. Rhf1 h6 16. Nf3 Bf7 17. Kb1 e4 18. Nd4 Nxd4 19. exd4 Bxg3 20. fxg3 Qe7 21.
Rf4 O-O 22. Rdf1 Be6 23. Rxf8+ Rxf8 24. Rxf8+ Kxf8 25. Qf4+ Bf7 26. Kc1 g5 27. hxg5 hxg5 28.
Qf5 Kg7 29. Kd2 b6 30. Ke3 Qf6 31. Qc8 Qd6 32. Kf2 Qb4 33. Qf5 Qxd4+ 34. Ke2 Qc4+ 35. Ke3 Qc5+ 36. Ke2 d4 37. Qxe4 Bc4+ 38. Kd2 Qb4+ 39.
Kd1 Qxb2 40. Qe5+ 1-0

[Event "*** Titled Tuesday Blitz"]
[Site "Chess.com"]
[Date "2021.03.02"]
[Round "1"]
[White "frenchpin"]
[Black "JiiHart"]
[Result "1-0"]
[WhiteElo "2504"]
[BlackElo "2089"]
[TimeControl "180+1"]
[EndTime "10:07:35 PST"]
[Termination "frenchpin won on time"]

1. e4 e5 2. Nf3 Nc6 3. Bc4 Nf6 4. Ng5 Bc5 5. Bxf7+ Ke7 6. Bb3 Rf8 7. d3 d6 8. Be3 Bg4 9. f3 Bxe3 10. fxg4 Bf2+ 11. Ke2 Nd4+ 12. Kd2 h6 13. Nh3 Qd7 14. Nxf2 Nd5 15. Rf1 Nf4 16. Nc3 c6 17. g3 Nfe6 18. Ne2 Nf3+ 19. Kc1 Nxh2 20. Kd2 Nxf1+ 21. Qxf1 Ng5 22. Qg2 Rf6 23. Rf1 Raf8 24. Kc1 a5 25. a3 b5 26. c3 a4 27. Bc2 Qa7 28. d4 b4 29. axb4 a3 30.
bxa3 Qxa3+ 31. Kd2 Qb2 32. Nd1 Qa2 33. Rxf6 Rxf6 34.
Ne3 Nf3+ 35. Kc1 Qa1+ 36. Bb1 exd4 37. Nf5+ Rxf5 38. exf5 dxc3 39. Nf4 Nd2 40. Qe2+ Kd8 41. Ne6+ Ke7 42. Nd4+ Kd7 43. Qe6+ Kc7 44. Qe7+ Kb6 45. Qd8+ 1-0

[Event "*** Titled Tuesday Blitz"]
[Site "Chess.com"]
[Date "2021.03.02"]
[Round "1"]
[White "Firouzja2003"]
[Black "Natalya_Buksa"]
[Result "1-0"]
[WhiteElo "3148"]
[BlackElo "2477"]
[TimeControl "180+1"]
[EndTime "10:07:36 PST"]
[Termination "Firouzja2003 won by resignation"]

1. d4 d5 2. Bg5 Nf6 3. e3 Nbd7 4. Nf3 e6 5. Nbd2 Be7 6. Bd3 h6 7. Bh4 b6 8. c3 Bb7 9. O-O c5 10. Qb1 O-O 11. b4 Rb8 12. Bg3 Rc8 13. bxc5 Nh5 14. cxb6 Nxb6 15. Rc1 Nxg3 16. hxg3 Ba3 17. Rc2 Qe7 18.
Qf1 Rc7 19. c4 dxc4 20. Nxc4 Nxc4 21. Rxc4 Rfc8 22. Rxc7 Rxc7 23. Rb1 g6 24. Ne5 Kg7 25. Qe2 Bd6 26. Nc4 Bb4 27. Qb2 Bd6 28. d5+ e5 29. e4 Ba6 30. Nxd6 Qxd6 31. Bxa6 Rc5 32. Bf1 h5 33. Qb8 Qf6 34. Qb3 a6 35. Rd1 h4 36.
d6 Rc8 37. d7 Rd8 38. gxh4 Qxh4 39. Qd5 Qf6 40. Rc1 Qe7 41. Rc7 a5 42. g3 a4 43. Bb5 Rh8 44. Rc8 Rd8 45. Rxd8 Qxd8 46. Qxe5+ Kf8 47. Qe8+ 1-0

[Event "*** Titled Tuesday Blitz"]
[Site "Chess.com"]
[Date "2021.03.02"]
[Round "1"]
[White "esteban062000"]
[Black "federicosellitti"]
[Result "1/2-1/2"]
[WhiteElo "2176"]
[BlackElo "2515"]
[TimeControl "180+1"]
[EndTime "10:07:36 PST"]
[Termination "Game drawn by repetition"]

1. Nf3 Nf6 2. c4 c5 3. Nc3 Nc6 4. g3 g6 5. Bg2 Bg7 6. O-O O-O 7. e3 e6 8. d4 cxd4 9. exd4 d5 10.
cxd5 Nxd5 11. Nxd5 exd5 12. Bg5 Qb6 13. Qb3 Nxd4 14.
Nxd4 Bxd4 15. Bxd5 Qxb3 16. Bxb3 Bxb2 17. Rab1 Ba3 18. Bd5 Bc5 19. Bxb7 Rb8 20. Bxc8 Rfxc8 21. Rxb8 Rxb8 22. Rc1 Rb5 23. a4 Ra5 24. Bd2 Bxf2+ 25. Kxf2 Rxa4 26. Bh6 f5 27. Rc8+ Kf7 28. Rc7+ Ke6 29.
Rxh7 Ra2+ 30. Kg1 Ra1+ 31. Kg2 Ra2+ 32. Kh3 a5 33. Ra7 a4 34. Bg7 g5 35. Ra5 a3 36.
Bf8 g4+ 37. Kh4 Rxh2+ 38. Kg5 a2 39. Ra6+ Kd5 40. Kxf5 Kc4 41. Kxg4 Kb3 42. Bg7 Rh7 43. Be5 Re7 44. Bf4 Re4 45. Rb6+ Kc2 46. Ra6 Kb3 47.
Kf3 Rc4 48. Rb6+ Kc2 49. Ra6 Kb3 50. Be5 Rc5 51. Bf4 Rc4 1/2-1/2

[Event "*** Titled Tuesday Blitz"]
[Site "Chess.com"]
[Date "2021.03.02"]
[Round "1"]
[White "Vasily85"]
[Black "Zhigalko_Sergei"]
[Result "0-1"]
[WhiteElo "2453"]
[BlackElo "2910"]
[TimeControl "180+1"]
[EndTime "10:07:38 PST"]
[Termination "Zhigalko_Sergei won on time"]

1. d4 Nf6 2. Bg5 e6 3. e4 h6 4.
Bxf6 Qxf6 5. c3 g6 6. Nf3 Bg7 7. Bd3 O-O 8. Nbd2 d6 9. O-O Nd7 10.
a4 a5 11. Nc4 e5 12. h3 Qe7 13. Re1 Re8 14. Bf1 Nf8 15. dxe5 dxe5 16. Qd5 Rd8 17.
Qb5 c6 18. Qb6 Ra6 19. Qe3 Qc7 20. Rad1 Rxd1 21. Rxd1 Be6 22. Ncxe5 Ra8 23. Nc4 Nd7 24. Rd2 Re8 25. Nd6 Re7 26. Bc4 Nb6 27. Bxe6 Rxe6 28.
e5 Nxa4 29. Qd4 Nb6 30. Qc5 Nd7 31. Qa7 Nxe5 32. Nxe5 Bxe5 33. Nxb7 Kg7 34. Qa6 Bxc3 35. Rd1 Bb4 36. Ra1 Re5 37. Qa8 Qb6 38. Nd8 Re2 39. Rf1 Bc5 40. Qb7 Bxf2+ 41. Kh1 Qxb7 0-1

[Event "*** Titled Tuesday Blitz"]
[Site "Chess.com"]
[Date "2021.03.02"]
[Round "1"]
[White "GOGIEFF"]
[Black "DrCeltic"]
[Result "1-0"]
[WhiteElo "2892"]
[BlackElo "2443"]
[TimeControl "180+1"]
[EndTime "10:07:39 PST"]
[Termination "GOGIEFF won by resignation"]

1. d4 d5 2. c4 c6 3. Nc3 Nf6 4.
cxd5 cxd5 5. Bg5 e6 6. e3 Be7 7. Bd3 Nc6 8. Nf3 Bd7 9. O-O Rc8 10. Rc1 a6 11. Ne5 Nxe5 12. dxe5 Ng8 13. Bf4 Bc5 14. Qg4 Kf8 15. h4 h5 16. Qg3 Ne7 17. Bg5 Qb6 18.
Rc2 Nc6 19. a3 Be7 20. Rfc1 Bxg5 21. hxg5 g6 22. Qf4 Qc7 23. Bxg6 Be8 24. Ne2 Qe7 25.
Bd3 Kg8 26. Nd4 h4 27. Kh2 Rh5 28. Nf3 Rd8 29. e4 d4 30. Rh1 Na7 31. Kg1 Bb5 32. Rd2 Bxd3 33. Rxd3 Nc6 34. Rxh4 Rxh4 35. Qxh4 Qc5 36.
Qf4 Ne7 37. Qd2 Ng6 38. b4 Qb6 39. Rxd4 Rxd4 40. Qxd4 Qxd4 41. Nxd4 Nxe5 42. Nb3 Nc4 43. a4 Kg7 44. Nc5 Nd6 45. e5 Nc4 46. Nxb7 Nxe5 47. Nc5 a5 48. bxa5 Nc6 49. a6 Kg6 50. f4 Kf5 51.
Nd3 e5 52. Nxe5 Na7 53. Nxf7 Kxf4 54. g6 1-0